 Dungeon Crawl Stone Soup version 0.22.0-38-g04b72b8 (webtiles) character file.

146 shmeve the Shield-Bearer (level 5, -9/47 HPs)
             Began as a Minotaur Fighter on Aug 29, 2018.
             Killed by nerve-wracking pain
             ... invoked by an orc priest
              (12 damage)
             ... on level 3 of the Dungeon.
             The game lasted 00:04:37 (1691 turns).

shmeve the Shield-Bearer (Minotaur Fighter)         Turns: 1691, Time: 00:04:37

Health: -9/47      AC: 10    Str: 21    XL:     5   Next: 7%
Magic:  4/4        EV:  6    Int:  9    God:
Gold:   105        SH:  9    Dex: 10    Spells: 4/4 levels left

rFire    . . .     SeeInvis .   a - +0 war axe
rCold    . . .     Gourm    .   c - +0 shield
rNeg     . . .     Faith    .   m - +0 chain mail
rPois    .         Spirit   .   (helmet restricted)
rElec    .         Reflect  .   u - +0 cloak
rCorr    .         Harm     .   (no gloves)
MR       .....                  (no boots)
Stlth    ..........             (no amulet)
HPRegen  0.15/turn              j - +4 ring of intelligence
MPRegen  0.09/turn              (no ring)

@: no status effects
A: retaliatory headbutt, horns 2
a: no special abilities


You were on level 3 of the Dungeon.
You were not hungry.

You visited 1 branch of the dungeon, and saw 3 of its levels.

You collected 105 gold pieces.

Inventory:

Hand Weapons
 a - a +0 war axe (weapon)
Armour
 c - a +0 shield (worn)
 m - a +0 chain mail (worn)
 u - a +0 cloak (worn)
Jewellery
 j - a +4 ring of intelligence (left hand)
 v - an uncursed ring of fire {unknown}
Scrolls
 b - a scroll of enchant armour {unknown}
 e - a scroll of random uselessness {unknown}
 k - a scroll of teleportation {unknown}
 n - a scroll of noise {unknown}
 o - a scroll of enchant weapon {unknown}
 t - a scroll of identify {unknown}
Potions
 d - 2 potions of might
 g - a potion of agility {unknown}
 h - a potion of lignification {unknown}
 i - a potion of degeneration {unknown}
 l - a potion of ambrosia {unknown}
 p - a potion of mutation {unknown}
 q - 2 potions of curing {unknown}
 r - a potion of haste {unknown}
Comestibles
 f - 2 rations
 s - 4 chunks of flesh


   Skills:
 * Level 4.3 Fighting
 * Level 3.6 Axes
 * Level 1.7 Throwing
 + Level 4.1 Armour
 + Level 1.3 Dodging
 * Level 4.5 Shields


You had 4 spell levels left.
You didn't know any spells.
Your spell library was empty.

Dungeon Overview and Level Annotations

Branches:
Dungeon (3/15)

Altars:
Hepliaklqana
Makhleb


Innate Abilities, Weirdness & Mutations

You reflexively headbutt those who attack you in melee.
You have a pair of horns on your head.


Message History

You have reached level 5!
You hit the orc.
You kill the orc!
You slash the orc priest!
The orc priest hits you but does no damage.
You block the orc priest's attack.
Your shield and chain mail prevent you from hitting the orc priest.
The orc priest is almost dead.
The orc priest barely misses you.
You closely miss the orc priest. Your headbutt misses the orc priest.
The orc priest is almost dead.
The orc priest calls down the wrath of Beogh upon you.
Pain shoots through your body!
* * * LOW HITPOINT WARNING * * *
You closely miss the orc priest. Your headbutt misses the orc priest.
The orc priest is almost dead.
You block the orc priest's attack.
The orc priest mumbles some strange prayers to Beogh against you.
Pain shoots through your body!
You die...

#####.##.##.....#....#
#.##.#######.####.###
#.##.# ##..).....#
..##.# #.(####.#.#
#.##.# #((# #.##.#
#..# .##.# #..###
#))..##.# ##@.....#
#o..##.# #......#
#....### .....# .....#
...... ...$..##


You could see an orc priest.

Vanquished Creatures
  An orc priest (D:3)
  3 adders (D:2)
  An ooze (D:1)
  2 worms (D:2)
  3 dart slugs
  2 leopard geckos (D:1)
  4 orcs (D:3)
  2 giant cockroaches
  8 goblins
  7 hobgoblins
  6 jackals
  6 kobolds
  2 quokkas
  4 ball pythons
  4 bats
  6 frilled lizards
  5 rats
66 creatures vanquished.

Notes
Turn   | Place    | Note
-------+----------+-------------------------------------------
     0 | D:1      | shmeve the Minotaur Fighter began the quest for the Orb.
     0 | D:1      | Reached XP level 1. HP: 19/19 MP: 0/0
    66 | D:1      | Reached XP level 2. HP: 25/27 MP: 1/1
   259 | D:1      | Reached XP level 3. HP: 30/33 MP: 2/2
   306 | D:1      | Reached skill level 1 in Throwing
   732 | D:2      | Reached skill level 1 in Dodging
  1010 | D:2      | Reached XP level 4. HP: 37/40 MP: 3/3
  1190 | D:2      | Found a burning altar of Makhleb.
  1194 | D:2      | Found a hazy altar of Hepliaklqana.
  1688 | D:3      | Reached XP level 5. HP: 10/47 MP: 4/4
  1691 | D:3      | Killed from afar by an orc priest

Skill      XL: |  1  2  3  4 |
---------------+-------------+-----
Shields        | 4 |  4.5
Axes           | 3 |  3.6
Throwing       | 1 |  1.7
Fighting       | 4 |  4.3
Dodging        | 1 |  1.3
Armour         | 4 |  4.1

Action                   |  1- 3 |  4- 6 || total
-------------------------+-------+-------++-------
Melee: War axe           |    88 |    66 ||   154
       Headbutt          |    11 |    10 ||    21
  Eat: Chunk             |       |     3 ||     3
Armor: Scale mail        |    31 |       ||    31
       Chain mail        |    24 |    35 ||    59
Dodge: Dodged            |    25 |    24 ||    49
Block: Shield            |    43 |    47 ||    90
